 Dungeon Crawl Stone Soup version 0.30-a0-462-gd5975efbca (webtiles) character file.

Game seed: 11641087580243026290

10 Shayle the Conjurer (level 2, -4/22 HPs)
             Began as a Demonspawn Reaver on Dec 16, 2022.
             Slain by Natasha (7 damage)
             ... on level 2 of the Dungeon.
             The game lasted 00:00:56 (170 turns).

Shayle the Conjurer (Demonspawn Reaver)              Turns: 170, Time: 00:00:57

Health: -4/22      AC:  3    Str: 12    XL:     2   Next: 10%
Magic:  5/5        EV: 11    Int: 14    God:
Gold:   0          SH:  0    Dex: 11    Spells: 4/5 levels left

rFire   . . .      SeeInvis .    c - +1 short sword (venom)
rCold   . . .      Faith    .    (no shield)
rNeg    . . .      Spirit   .    b - +0 leather armour
rPois   .          Reflect  .    (no helmet)
rElec   .          Harm     .    (no cloak)
rCorr   .          Rampage  .    (no gloves)
Will    .....                    (no boots)
Stlth   +.........               (no amulet)
HPRegen 0.23/turn                (no ring)
MPRegen 0.09/turn                (no ring)

@: no status effects
A: weakness stinger 1
a: no special abilities


You were on level 2 of the Dungeon.
You visited 1 branch of the dungeon, and saw 2 of its levels.

Inventory:

Hand Weapons
 a - a +0 hand axe
 c - a +1 short sword of venom (weapon)
Missiles
 d - a throwing net
Armour
 b - a +0 leather armour (worn)


   Skills:
 + Level 2.2 Fighting
 - Level 2.6 Axes
 + Level 0.7 Armour
 - Level 1.7 Dodging
 + Level 0.9 Stealth
 - Level 2.0 Spellcasting
 - Level 3.0 Conjurations


You had 4 spell levels left.
You knew the following spells:

 Your Spells              Type           Power      Damage    Failure   Level
a - Kiss of Death         Conj/Necr      20%        2d7       16%         1

Your spell library contained the following spells:

 Spells                   Type           Power      Damage    Failure   Level
 Momentum Strike          Conj/Tloc      10%        3d8       24%         2
 Hailstorm                Conj/Ice       5%         3d4       43%         3


Dungeon Overview and Level Annotations

Branches:
Dungeon (2/15)

Altars:

Annotations:
D:2 Natasha


Innate Abilities, Weirdness & Mutations

You have a small tail.


Message History

The endoplasm hits you but does no damage.
You hit the endoplasm.
The endoplasm is moderately wounded.
The endoplasm freezes you.
You are frozen.
You hit the endoplasm. You tail-slap the endoplasm.
You kill the endoplasm!
A dart slug comes into view.
Natasha and a kobold come into view.
Found 13 gold pieces.
The kobold shouts!
An endoplasm comes into view.
The endoplasm quivers.
The dart slug bites you but does no damage.
Natasha mewls in sadness.
Natasha attacks as you move away! Natasha claws you. Natasha claws you.
You barely miss Natasha.
Natasha mumbles some strange words.
You barely miss Natasha. Natasha claws you!
You closely miss Natasha. Natasha claws you.
* * * LOW HITPOINT WARNING * * *
You closely miss Natasha. Natasha closely misses you.
Unknown command.
You aren't carrying any potions.
You hit Natasha.
Natasha is poisoned.
Natasha is moderately wounded.
Natasha barely misses you.
You hit Natasha.
Natasha looks as sick as possible!
Natasha is moderately wounded.
Natasha claws you.
* * * LOW HITPOINT WARNING * * *
You barely miss Natasha.
Natasha is heavily wounded.
Natasha extends her claws.
Natasha closely misses you.
You barely miss Natasha.
Natasha is severely wounded.
Natasha claws you!
You die...

......$......#
#...........#
#.....J.....#
#...........#
#...........#
#.....w.....#
#.....K.....#
########K#######
#....@hw5#
#.######.# #.#
#.# #.# #.#
#.### #.# #.†<#
#.. ##### #.# .#


You could see an iron imp (summoned), Natasha (extremely poisoned), a dart slug
and a kobold.

Vanquished Creatures
  A dart slug (D:1)
  An endoplasm (D:2)
  A giant cockroach (D:2)
  A jackal (D:2)
  3 bats
  A kobold (D:1)
8 creatures vanquished.

Notes
Turn   | Place    | Note
-------+----------+-------------------------------------------
     0 | D:1      | Shayle the Demonspawn Reaver began the quest for the Orb.
     0 | D:1      | Reached XP level 1. HP: 16/16 MP: 3/3
   129 | D:2      | Discovered your monstrous ancestry.
   129 | D:2      | Gained mutation: You have a small tail. [demonic ancestry]
   129 | D:2      | Reached XP level 2. HP: 22/22 MP: 5/5
   157 | D:2      | Noticed Natasha
   170 | D:2      | Slain by Natasha

Illustrated notes

Levels and vault maps discovered:
D:1:      denvon_arrival_planthouse, layout_rooms
D:2:      layout_basic, basic_altar, nicolae_grassy_gnolls, uniq_natasha,
          uniq_crazy_yiuf_cottage, uniq_jessica

Action                   || total
-------------------------++-------
Melee: Short sword       ||    27
       Hand axe          ||     1
       Tailslap          ||     1
Armor: Leather armour    ||    16
Dodge: Dodged            ||    12

Table legend: (Time is in decaauts)
 A = Elapsed time spent in this place.
 B = Non-inter-level travel time spent in this place.
 C = Inter-level travel time spent in this place.
 D = Time resting spent in this place.
 E = Time spent auto-exploring this place.
 F = Levels seen in this place.
 G = Mean time per level.
                   A        B        C        D        E       F      G
               +--------+--------+--------+--------+--------+-----+--------+
         Total |    169 |    169 |      0 |     48 |     46 |   2 |   84.5 |
       Dungeon |    169 |    169 |      0 |     48 |     46 |   2 |   84.5 |
               +--------+--------+--------+--------+--------+-----+--------+

Top non-repeatable levels by time:
     D:1: 95 daAuts
     D:2: 73 daAuts
